 Dungeon Crawl Stone Soup version 0.27-a0-1299-g1ab19c6527 (webtiles) character file.

Game seed: 12750460073700823692

35 mordus the Shield-Bearer (level 3, -8/29 HPs)
             Began as a Formicid Fighter on June 16, 2021.
             Mangled by an iguana (12 damage)
             ... on level 2 of the Dungeon.
             The game lasted 00:02:48 (1378 turns).

mordus the Shield-Bearer (Formicid Fighter)         Turns: 1378, Time: 00:02:49

Health: -8/29      AC:  6    Str: 21    XL:     3   Next: 52%
Magic:  3/3        EV:  8    Int:  7    God:
Gold:   12         SH:  9    Dex: 10    Spells: 2/2 levels left

rFire    . . .     SeeInvis +   a - +0 long sword
rCold    . . .     Faith    .   c - +0 kite shield
rNeg     . . .     Spirit   .   b - +0 scale mail
rPois    .         Reflect  .   (helmet unavailable)
rElec    .         Harm     .   (no cloak)
rCorr    .         Rampage  .   (no gloves)
Will     .....                  (no boots)
Stlth    ..........             (no amulet)
HPRegen  0.09/turn              (no ring)
MPRegen  0.08/turn              (no ring)

@: no status effects
A: permanent stasis, dig shafts and tunnels, antennae 3, four strong arms
a: Dig, Shaft Self


You were on level 2 of the Dungeon.
You visited 1 branch of the dungeon, and saw 2 of its levels.

You collected 12 gold pieces.

Inventory:

Hand Weapons
 a - a +0 long sword (weapon)
Armour
 b - a +0 scale mail (worn)
 c - a +0 kite shield (worn)
Jewellery
 e - a ring of resist corrosion
Wands
 l - a wand of iceblast (9)
Scrolls
 g - a scroll of identify {unknown}
 h - 2 scrolls of summoning {unknown}
 i - a scroll of teleportation {unknown}
 k - a scroll of amnesia {unknown}
 m - a scroll of enchant weapon {unknown}
Potions
 d - a potion of might
 f - a potion of curing {unknown}
 j - a potion of lignification {unknown}


   Skills:
 - Level 3.2 Fighting
 * Level 3.2 Long Blades
 - Level 3.2 Armour
 + Level 4.2 Shields


You had 2 spell levels left.
You didn't know any spells.
Your spell library contained the following spells:

 Spells                   Type           Power      Damage    Failure   Level
 Beastly Appendage        Tmut           0%         N/A       98%         1
 Wereblood                Tmut           0%         N/A       99%         2
 Spider Form              Tmut/Pois      0%         N/A       100%        3
 Ice Form                 Ice/Tmut       0%         N/A       100%        4


Dungeon Overview and Level Annotations

Branches:
Dungeon (2/15)

Altars:

Shops:
D:1 (*!([


Innate Abilities, Weirdness & Mutations

You cannot be hasted, slowed, berserked, paralysed or teleported.
You can dig through walls and to a lower floor.
You have a pair of large antennae on your head. (SInv)
Your four strong arms can wield two-handed weapons with a shield.


Message History

Found an escape hatch in the floor.
An iguana is nearby!
An iguana is nearby!
The iguana bites you but does no damage.
An iguana is nearby!
You hit the iguana.
The iguana is moderately wounded.
The iguana bites you but does no damage.
You block the iguana's attack.
Your shield and scale mail prevent you from hitting the iguana.
The iguana is moderately wounded.
The iguana bites you!
An iguana is nearby!
An iguana is nearby!
You hit the iguana.
The iguana is heavily wounded.
The iguana bites you.
An iguana is nearby!
You hit the iguana but do no damage.
The iguana is heavily wounded.
The iguana bites you!
* * * LOW HITPOINT WARNING * * *
You block the iguana's attack.
You are too injured to fight recklessly!
An iguana is nearby!
You are too injured to fight recklessly!
An iguana is nearby!
You are too injured to fight recklessly!
An iguana is nearby!
You are too injured to fight recklessly!
An iguana is nearby!
You are too injured to fight recklessly!
An iguana is nearby!
You hit the iguana but do no damage.
The iguana is moderately wounded.
You block the iguana's attack.
You slash the iguana!
The iguana is severely wounded.
The iguana barely misses you. The iguana bites you!
You die...

### ..# #.# #.#
#######l# .......@#
#######.#
#######.#######
#.(...........#
#.............######
#.............##...#
###..........##♣.<.♣##
............#.......#
............)#.<.♣.<.#


You could see an iguana.

Vanquished Creatures
  A dart slug (D:1)
  3 endoplasms (D:1)
  A giant cockroach (D:1)
  2 goblins
  4 hobgoblins (D:1)
  5 kobolds
  3 quokkas
  3 ball pythons (D:1)
  2 bats
  4 frilled lizards
  3 rats
31 creatures vanquished.

Notes
Turn   | Place    | Note
-------+----------+-------------------------------------------
     0 | D:1      | mordus the Formicid Fighter began the quest for the Orb.
     0 | D:1      | Reached XP level 1. HP: 18/18 MP: 1/1
    86 | D:1      | Reached XP level 2. HP: 8/24 MP: 2/2
   287 | D:1      | Found Lerrap's General Store.
   656 | D:1      | Found Sewuam's Distillery.
   692 | D:1      | Reached skill level 4 in Shields
   757 | D:1      | Found Ytozets's Antique Armour Emporium.
   767 | D:1      | Reached XP level 3. HP: 23/29 MP: 3/3
   965 | D:1      | Found Bovixakk's Antique Weapon Shop.
  1185 | D:1      | Found Totomp's Antique Weapon Boutique.
  1378 | D:2      | Mangled by an iguana

Illustrated notes

Levels and vault maps discovered:
D:1:      dpeg_arrival_renting, layout_basic, serial_shops, shop, shop,
          nicolae_shop_crystal, shop, shop, minmay_ruptured
D:2:      layout_basic, serial_shops, nicolae_shop_statue_plus, hex_tiny,
          grunt_ministairs_7

Skill      XL: |  1  2  3 |
---------------+----------+-----
Shields        | 4 |  4.2
Long Blades    | 3 |  3.2
Fighting       | |  3.2
Armour         | |  3.2

Action                   || total
-------------------------++-------
Melee: Long sword        ||   109
Armor: Scale mail        ||    45
Dodge: Dodged            ||    52
Block: Kite shield       ||    67
       Rpst.: Long sword ||    11

Table legend: (Time is in decaauts)
 A = Elapsed time spent in this place.
 B = Non-inter-level travel time spent in this place.
 C = Inter-level travel time spent in this place.
 D = Time resting spent in this place.
 E = Time spent auto-exploring this place.
 F = Levels seen in this place.
 G = Mean time per level.
                   A        B        C        D        E       F      G
               +--------+--------+--------+--------+--------+-----+--------+
         Total |   1424 |   1415 |      9 |      0 |   1156 |   2 |  712.0 |
       Dungeon |   1424 |   1415 |      9 |      0 |   1156 |   2 |  712.0 |
               +--------+--------+--------+--------+--------+-----+--------+

Top non-repeatable levels by time:
     D:1: 1345 daAuts
     D:2: 78 daAuts
